[Event "November 21 Late 2023"]
[Site "https://www.chess.com"]
[Date "2023.11.21"]
[Round "6"]
[White "Djokic, Mihailo"]
[Black "Tologon tegin, Semetei"]
[Result "0-1"]
[Board "45"]
[TimeControl "180+1"]
[WhiteFideId "976440"]
[BlackFideId "13800574"]
[WhiteElo "2265"]
[BlackElo "2258"]
[WhiteTeam "SRB"]
[BlackTeam "KGZ"]
[WhiteClock "0:00:01"]
[BlackClock "0:00:42"]

1. e4 e5 2. Nf3 Nc6 3. Nc3 Nf6 4. Bb5 Bb4 5. O-O O-O 6. d3 d6 7. Re1 Bg4 8. Bxc6 bxc6 9. h3 Bh5 10. a3 Ba5 11. Bd2 h6 12. Nb1 Bb6 13. Be3 Nh7 14. Nbd2 Ng5 15. Kh2 Ne6 16. g4 Bg6 17. Nc4 Bc5 18. Bxc5 Nxc5 19. Qd2 Ne6 20. d4 f6 21. c3 Nf4 22. Nh4 Bh7 23. Ng2 Nxg2 24. Kxg2 d5 25. exd5 cxd5 26. Ne3 c6 27. b4 a6 28. Kg1 Qd7 29. Ng2 h5 30. f3 hxg4 31. hxg4 e4 32. Qf4 exf3 33. Qxf3 Be4 34. Qg3 f5 35. g5 f4 36. Nxf4 Rf5 37. Rf1 Raf8 38. Ng2 Qe7 39. Rxf5 Rxf5 40. Rf1 Rxg5 41. Qb8+ Kh7 42. Qh2+ Kg6 43. Re1 Qf6 44. Re2 Qf3 45. Qd6+ Kh7 46. Qh2+ Rh5 47. Rf2 Qxf2+ 0-1

[Event "November 21 Late 2023"]
[Site "https://www.chess.com"]
[Date "2023.11.21"]
[Round "6"]
[White "Cristi_Coca"]
[Black "Annaberdiyev, Meylis"]
[Result "0-1"]
[Board "46"]
[TimeControl "180+1"]
[BlackFideId "14000563"]
[WhiteElo "2514"]
[BlackElo "2405"]
[BlackTeam "TKM"]
[WhiteClock "0:00:41"]
[BlackClock "0:00:26"]

1. e4 c5 2. c3 Nf6 3. e5 Nd5 4. Nf3 Nc6 5. Bc4 Nb6 6. Bb3 c4 7. Bc2 d5 8. exd6 Qxd6 9. O-O Bg4 10. h3 Bh5 11. Re1 O-O-O 12. b3 Qf6 13. Na3 Bxf3 14. Qxf3 Qxf3 15. gxf3 cxb3 16. axb3 e6 17. d4 Nd5 18. Bd2 Bxa3 19. Rxa3 a6 20. Be4 Rhe8 21. Rb1 f5 22. Bd3 g6 23. b4 e5 24. Bg5 exd4 25. Bxd8 Rxd8 26. cxd4 Nf4 27. Bf1 Nxd4 28. Kh2 Kb8 29. Bg2 Nb5 30. Re3 Rd2 31. Kg1 Nc3 32. Rbe1 Nd3 33. Rf1 Ne2+ 34. Kh2 Nef4 35. Kg1 Ne2+ 36. Kh2 Nef4 37. Kg3 Nh5+ 38. Kh4 Ndf4 39. Bh1 h6 40. Re8+ Ka7 41. Rh8 g5# 0-1

[Event "November 21 Late 2023"]
[Site "https://www.chess.com"]
[Date "2023.11.21"]
[Round "6"]
[White "Jakubowski, Krzysztof"]
[Black "Horak, Martin"]
[Result "1-0"]
[Board "47"]
[TimeControl "180+1"]
[WhiteFideId "1112848"]
[BlackFideId "367095"]
[WhiteElo "2369"]
[BlackElo "2091"]
[WhiteTeam "POL"]
[BlackTeam "CZE"]
[WhiteClock "0:00:38"]
[BlackClock "0:00:00"]

1. e4 c5 2. Nf3 Nc6 3. d4 cxd4 4. Nxd4 g6 5. Nc3 Bg7 6. Be3 Nf6 7. Nxc6 bxc6 8. e5 Ng8 9. f4 d6 10. Qf3 Bd7 11. O-O-O dxe5 12. fxe5 Bxe5 13. Bc4 Nf6 14. Bh6 Qa5 15. Ne4 Qb4 16. Nxf6+ Bxf6 17. Bb3 a5 18. Rhe1 O-O-O 19. c3 Qg4 20. Qe3 Kb7 21. h3 Qh5 22. g4 Qb5 23. Bxf7 a4 24. a3 1-0

[Event "November 21 Late 2023"]
[Site "https://www.chess.com"]
[Date "2023.11.21"]
[Round "6"]
[White "Musovic, Armin"]
[Black "Hamitevici, Vladimir"]
[Result "1-0"]
[Board "48"]
[TimeControl "180+1"]
[WhiteFideId "939935"]
[BlackFideId "13902393"]
[WhiteElo "2322"]
[BlackElo "2405"]
[WhiteTeam "MNE"]
[BlackTeam "MDA"]
[WhiteClock "0:01:36"]
[BlackClock "0:00:24"]

1. a3 g6 2. Nc3 Bg7 3. e4 c5 4. Bc4 e6 5. d3 Ne7 6. Bf4 d5 7. Ba2 a6 8. Nge2 Nbc6 9. O-O d4 10. Nb1 e5 11. Bd2 f5 12. exf5 gxf5 13. Ng3 Qd6 14. Nh5 Qg6 15. Nxg7+ Qxg7 16. Qh5+ Qg6 17. Qxg6+ hxg6 18. Bg5 Bd7 19. Bf6 Rh7 20. Re1 O-O-O 21. Nd2 Be8 22. Nf3 Rd6 23. Bxe5 Nxe5 24. Rxe5 b6 25. Rae1 Kd8 26. Ng5 1-0

[Event "November 21 Late 2023"]
[Site "https://www.chess.com"]
[Date "2023.11.21"]
[Round "6"]
[White "OPQRC"]
[Black "Kovacsy, Barnabas"]
[Result "1-0"]
[Board "49"]
[TimeControl "180+1"]
[BlackFideId "769290"]
[WhiteElo "2636"]
[BlackElo "2130"]
[BlackTeam "HUN"]
[WhiteClock "0:00:06"]
[BlackClock "0:01:08"]

1. e4 c5 2. Nf3 e6 3. d4 cxd4 4. Nxd4 Nc6 5. Nc3 Qc7 6. Be2 a6 7. Be3 Nf6 8. O-O Bb4 9. f3 d5 10. exd5 exd5 11. Kh1 O-O 12. Bg5 Qe5 13. Nxc6 bxc6 14. f4 Qd6 15. Bf3 Bf5 16. Qe1 Rfe8 17. Qh4 Bxc3 18. bxc3 Ne4 19. Bxe4 Bxe4 20. f5 f6 21. Bf4 Qc5 22. Rae1 Qxc3 23. Re3 Bxg2+ 24. Kxg2 Rxe3 25. Bxe3 Qxe3 26. Re1 Qd2+ 27. Kg1 Qxc2 28. Qh5 g6 29. Qf3 Qxf5 30. Qc3 Qg4+ 31. Kh1 Qf3+ 32. Qxf3 1-0

[Event "November 21 Late 2023"]
[Site "https://www.chess.com"]
[Date "2023.11.21"]
[Round "6"]
[White "Silva Lucena, Cristian"]
[Black "Zhurbinsky, David"]
[Result "1-0"]
[Board "50"]
[TimeControl "180+1"]
[WhiteFideId "2232588"]
[BlackFideId "2072904"]
[WhiteElo "2248"]
[BlackElo "2629"]
[WhiteTeam "ESP"]
[BlackTeam "USA"]
[WhiteClock "0:01:57"]
[BlackClock "0:01:01"]

1. e4 e5 2. Nf3 Nc6 3. Bc4 Bc5 4. d4 Bxd4 5. Nxd4 Nxd4 6. Be3 Nc6 7. Qg4 Qf6 8. Nc3 d5 9. Qg3 dxc4 10. Nd5 Qg6 11. Nxc7+ Kd8 12. Nxa8 Qxg3 13. hxg3 Bd7 14. O-O-O Kc8 15. Bxa7 Be6 16. Be3 Nf6 17. Nb6+ Kc7 18. f3 Nd4 19. Bxd4 exd4 20. Nd5+ Nxd5 21. exd5 Bxd5 22. Rxd4 Be6 23. b3 b5 24. Kb2 h6 25. g4 Kc6 26. Rhd1 Ra8 27. a3 Kc7 28. Ra1 Kb6 29. a4 Kc5 30. Re4 bxa4 31. Rxa4 Rb8 32. Raxc4+ Bxc4 33. Rxc4+ Kd5 34. Rc7 Ke6 35. c4 g6 36. Kc3 f5 37. gxf5+ Kxf5 38. Rf7+ Ke6 39. Rh7 h5 40. b4 Ra8 41. b5 Kd6 42. Rg7 Kc5 43. Rc7+ Kd6 44. Rc6+ Ke5 45. Rxg6 h4 46. Kb4 Kd4 47. Rg4+ Kd3 48. b6 Ra1 49. c5 Rb1+ 50. Ka5 h3 51. gxh3 Kc3 52. Ka6 Kd3 53. Kb7 Ke3 54. c6 Ra1 55. c7 Kf2 56. c8=Q Kf1 57. Qc4+ Kf2 58. Qd4+ Ke2 59. Qxa1 Ke3 60. Qd4+ Ke2 61. Qc3 Kf1 62. Qb2 Ke1 63. f4 Kf1 64. f5 Ke1 65. f6 Kd1 66. f7 Ke1 67. f8=Q Kd1 68. h4 Ke1 69. h5 Kd1 70. h6 Ke1 71. h7 Kd1 72. h8=Q Ke1 73. Kc6 Kd1 74. b7 Ke1 75. b8=Q Kd1 76. Q8b3+ Ke1 77. Qe7+ Kf1 78. Qhf6# 1-0

[Event "November 21 Late 2023"]
[Site "https://www.chess.com"]
[Date "2023.11.21"]
[Round "6"]
[White "Ventura Bolet, Maxim"]
[Black "Poltorak, Sebastian"]
[Result "0-1"]
[Board "51"]
[TimeControl "180+1"]
[WhiteFideId "22238824"]
[BlackFideId "1199498"]
[WhiteElo "2227"]
[BlackElo "2250"]
[WhiteTeam "ESP"]
[BlackTeam "POL"]
[WhiteClock "0:00:00"]
[BlackClock "0:00:37"]

1. Nf3 c5 2. g3 Nc6 3. Bg2 e5 4. d3 d5 5. Nbd2 Be7 6. e4 d4 7. O-O f6 8. Ne1 Be6 9. Bh3 Bxh3 10. Qh5+ g6 11. Qxh3 Qd7 12. Qxd7+ Kxd7 13. a4 Nh6 14. Nc4 Nf7 15. Bd2 Nd6 16. b3 b6 17. f4 Nxc4 18. dxc4 Bd6 19. Nd3 Rae8 20. f5 Ref8 21. a5 gxf5 22. Rxf5 Ne7 23. Rh5 f5 24. axb6 axb6 25. Bg5 Ng6 26. Bh6 fxe4 27. Bxf8 Rxf8 28. Nf2 e3 29. Ne4 Rf7 30. Ra7+ Bc7 31. Rxh7 Rxh7 32. Nf6+ Ke6 33. Nxh7 Bd8 34. h4 e4 35. h5 Ne5 36. Nf8+ Kd6 37. h6 Bf6 0-1

[Event "November 21 Late 2023"]
[Site "https://www.chess.com"]
[Date "2023.11.21"]
[Round "6"]
[White "Nikologorsky, Matfei"]
[Black "Feng, Eric"]
[Result "1-0"]
[Board "52"]
[TimeControl "180+1"]
[WhiteFideId "24102474"]
[BlackFideId "30952590"]
[WhiteElo "2153"]
[BlackElo "1785"]
[WhiteTeam "FID"]
[BlackTeam "USA"]
[WhiteClock "0:00:11"]
[BlackClock "0:00:00"]

1. e4 c6 2. d4 d5 3. Nc3 dxe4 4. Nxe4 Bf5 5. Ng3 Bg6 6. Bc4 e6 7. N1e2 Bd6 8. h4 h6 9. Nf4 Bxf4 10. Bxf4 Nf6 11. Be2 Nbd7 12. c4 O-O 13. Qb3 b6 14. Bf3 Rc8 15. O-O c5 16. Rad1 Qe7 17. d5 e5 18. Rfe1 Qd6 19. Bc1 Ne8 20. Qc3 f5 21. b3 e4 22. Bh5 Bh7 23. Bxe8 Rcxe8 24. Bb2 Nf6 25. a3 Re7 26. b4 Nd7 27. Nh5 Rff7 28. g3 Ne5 29. Kg2 Nf3 30. Re3 Nd4 31. Rxd4 cxd4 32. Qxd4 Bg6 33. Nf4 Bh7 34. c5 bxc5 35. bxc5 Qf6 36. Qd2 Qa6 37. d6 Rd7 38. Qd5 Qb5 39. Rb3 Qa5 40. Bc3 Qd8 41. Ne6 Qc8 42. c6 Kh8 43. cxd7 Rxd7 44. Bxg7+ 1-0

[Event "November 21 Late 2023"]
[Site "https://www.chess.com"]
[Date "2023.11.21"]
[Round "6"]
[White "Banzea, Alexandru-Bogdan"]
[Black "FuenfgegenWilly"]
[Result "1-0"]
[Board "53"]
[TimeControl "180+1"]
[WhiteFideId "1232622"]
[WhiteElo "2294"]
[BlackElo "2487"]
[WhiteTeam "ROU"]
[WhiteClock "0:00:09"]
[BlackClock "0:00:21"]

1. d4 d5 2. Nc3 Nf6 3. Bf4 c6 4. e3 Bf5 5. f3 h5 6. Bd3 e6 7. Nge2 Nbd7 8. Bxf5 exf5 9. Qd3 g6 10. O-O-O Be7 11. e4 fxe4 12. fxe4 dxe4 13. Nxe4 Nxe4 14. Qxe4 Nf6 15. Qd3 Qa5 16. Nc3 O-O-O 17. Rhe1 Bb4 18. Be5 Be7 19. Qh3+ Rd7 20. Bxf6 Bxf6 21. Ne4 Rd8 22. Nc5 Qxa2 23. Rd3 Qa1+ 24. Kd2 Bg5+ 25. Ke2 Re8+ 26. Kf3 Re3+ 27. Rdxe3 1-0

[Event "November 21 Late 2023"]
[Site "https://www.chess.com"]
[Date "2023.11.21"]
[Round "6"]
[White "Kovalevsky, Stanislav"]
[Black "TheKnightOfBosnia"]
[Result "0-1"]
[Board "54"]
[TimeControl "180+1"]
[WhiteFideId "13508598"]
[WhiteElo "2092"]
[BlackElo "2613"]
[WhiteTeam "FID"]
[WhiteClock "0:00:00"]
[BlackClock "0:00:12"]

1. e4 e5 2. Nf3 Nc6 3. Bb5 a6 4. Ba4 Nf6 5. O-O b5 6. Bb3 Bb7 7. Re1 Bc5 8. c3 d6 9. d4 Bb6 10. Bg5 h6 11. Bh4 O-O 12. a4 g5 13. Nxg5 hxg5 14. Bxg5 exd4 15. Qf3 Kg7 16. Qg3 Rh8 17. Bxf6+ Kxf6 18. Qf4+ Kg7 19. Qxf7+ Kh6 20. axb5 axb5 21. Rxa8 Bxa8 22. Na3 Qe7 23. Qf4+ Qg5 24. Qxg5+ Kxg5 25. Nxb5 dxc3 26. bxc3 Rf8 27. Re2 Ne5 28. Nd4 Kg6 29. Re3 c5 30. Nf5 c4 31. Rg3+ Kf6 32. Bc2 d5 33. exd5 Bxd5 34. Ne3 Be6 35. h3 Rd8 36. Kh2 Rd2 37. Be4 Rxf2 38. Bd5 Bxe3 39. Bxe6 Bf4 40. Bd5 Bxg3+ 41. Kxg3 Rd2 42. Be4 Nd3 43. Kf3 Rc2 44. Ke3 Rxc3 45. Kd4 Rc2 46. g4 Kg5 0-1

[Event "November 21 Late 2023"]
[Site "https://www.chess.com"]
[Date "2023.11.21"]
[Round "6"]
[White "topce"]
[Black "Gimenez Aguirre, Alejo Ismael"]
[Result "0-1"]
[Board "55"]
[TimeControl "180+1"]
[BlackFideId "32041667"]
[WhiteElo "2460"]
[BlackElo "2165"]
[BlackTeam "ARG"]
[WhiteClock "0:00:04"]
[BlackClock "0:00:29"]

1. c4 e5 2. Nc3 Nc6 3. Nf3 a6 4. e3 Nf6 5. d4 exd4 6. exd4 d5 7. c5 Be7 8. h3 O-O 9. Bd3 b6 10. cxb6 cxb6 11. O-O b5 12. Bf4 h6 13. Qd2 Re8 14. Rae1 Bf8 15. Rxe8 Qxe8 16. Re1 Be6 17. a4 b4 18. Ne2 Na5 19. Be5 Nd7 20. Nf4 Nxe5 21. Nxe5 Bd6 22. Nh5 Qe7 23. f4 f6 24. Ng6 Qf7 25. f5 Bd7 26. Nhf4 Nc4 27. Qf2 Bxa4 28. Re6 Rd8 29. Nh5 Bd7 30. Nhf4 Bxe6 31. fxe6 Qb7 32. e7 Bxe7 33. Ne6 Rd6 34. Qf5 Ne3 35. Nxe7+ Qxe7 36. Qh7+ Kf7 37. Nf4 Ke8 38. Bg6+ Kd7 39. Bd3 g5 40. Bf5+ Nxf5 41. Qxf5+ Kd8 42. Nxd5 Qe6 43. Qxe6 Rxe6 44. Nxf6 Rxf6 0-1

[Event "November 21 Late 2023"]
[Site "https://www.chess.com"]
[Date "2023.11.21"]
[Round "6"]
[White "Koksal, Ege"]
[Black "Real_taiatai"]
[Result "1-0"]
[Board "56"]
[TimeControl "180+1"]
[WhiteFideId "6317626"]
[WhiteElo "2230"]
[BlackElo "2456"]
[WhiteTeam "TUR"]
[WhiteClock "0:01:05"]
[BlackClock "0:01:25"]

1. c4 Nf6 2. Nc3 g6 3. e4 d6 4. d4 Bg7 5. Nf3 O-O 6. Be2 Nbd7 7. Be3 e5 8. d5 Qe7 9. Nd2 c5 10. g4 Ne8 11. h4 f5 12. gxf5 gxf5 13. exf5 Rxf5 14. Bg4 Rf8 15. Nde4 Ndf6 16. Bxc8 Rxc8 17. Qe2 Qd7 18. Rg1 Kh8 19. O-O-O Qf5 20. Ng5 Nc7 21. Rg3 e4 22. Rdg1 b5 23. Ne6 Nxe6 24. dxe6 Nh5 25. Rg5 Qxe6 26. Qxh5 Bxc3 27. bxc3 Qxc4 28. Qxh7+ 1-0

[Event "November 21 Late 2023"]
[Site "https://www.chess.com"]
[Date "2023.11.21"]
[Round "6"]
[White "Reprintsev, Alexander"]
[Black "Skatchkov, Valery"]
[Result "1-0"]
[Board "57"]
[TimeControl "180+1"]
[WhiteFideId "14100541"]
[BlackFideId "24195812"]
[WhiteElo "2229"]
[BlackElo "2320"]
[WhiteTeam "UKR"]
[BlackTeam "RUS"]
[WhiteClock "0:00:09"]
[BlackClock "0:00:22"]

1. e4 e5 2. Nf3 d5 3. exd5 e4 4. Qe2 Nf6 5. Nc3 Be7 6. Nxe4 Nxd5 7. g3 O-O 8. Bg2 Re8 9. O-O Bf8 10. Qd3 Bf5 11. Nh4 Be6 12. a3 Nc6 13. b4 Ne5 14. Qe2 Bg4 15. f3 Bd7 16. d4 Nc6 17. Qd1 f5 18. Bg5 Be7 19. Bxe7 Qxe7 20. Nc5 g5 21. Re1 Qf7 22. c4 Ne3 23. Qd2 Nxc4 24. Qxg5+ Kh8 25. Nxd7 Qxd7 26. Qf6+ Qg7 27. Qxg7+ Kxg7 28. Nxf5+ Kf6 29. g4 Kg5 30. h3 Nb2 31. Re4 Rxe4 32. fxe4 Rd8 33. d5 Ne5 34. Rf1 h5 35. Ng7 Kh4 36. Nxh5 c6 37. Rf5 Nec4 38. Nf4 Rh8 39. Ne2 Ne3 40. Rf3 Nbc4 41. dxc6 bxc6 42. Kh2 Rd8 43. Ng3 Kg5 44. Nf5 Nxg2 45. Kxg2 Rd2+ 46. Kg3 Ra2 47. h4+ Kf6 48. Ne3+ Ke5 49. Nxc4+ Kxe4 50. Nd6+ Kd5 51. Nf7 c5 52. bxc5 1-0

[Event "November 21 Late 2023"]
[Site "https://www.chess.com"]
[Date "2023.11.21"]
[Round "6"]
[White "Lebedev, Artem S."]
[Black "Zarnicki, Pablo"]
[Result "1-0"]
[Board "58"]
[TimeControl "180+1"]
[WhiteFideId "34272747"]
[BlackFideId "100137"]
[WhiteElo "1952"]
[BlackElo "2468"]
[WhiteTeam "RUS"]
[BlackTeam "ARG"]
[WhiteClock "0:00:20"]
[BlackClock "0:01:18"]

1. e4 e5 2. Nf3 Nf6 3. Nxe5 d6 4. Nf3 Nxe4 5. Nc3 Nxc3 6. dxc3 Be7 7. Be3 O-O 8. Qd2 Nd7 9. O-O-O Nf6 10. Bd3 Re8 11. h4 Bf8 12. Ng5 h6 13. Bd4 c5 14. Bxf6 Qxf6 15. Bc4 Be6 16. Nxe6 fxe6 17. g4 d5 18. g5 Qf7 19. Bf1 Bd6 20. Kb1 h5 21. g6 Qf4 22. Qe2 Qe5 23. Qb5 Rf8 24. Bh3 a6 25. Qd7 Rxf2 26. Bxe6+ Kh8 27. Rxd5 Qh2 28. Rxh5# 1-0

[Event "November 21 Late 2023"]
[Site "https://www.chess.com"]
[Date "2023.11.21"]
[Round "6"]
[White "Milchev, Nikolay"]
[Black "Martins, Vinicius Tine"]
[Result "1-0"]
[Board "59"]
[TimeControl "180+1"]
[WhiteFideId "2906090"]
[BlackFideId "2112884"]
[WhiteElo "2449"]
[BlackElo "2373"]
[WhiteTeam "ENG"]
[BlackTeam "BRA"]
[WhiteClock "0:01:47"]
[BlackClock "0:00:14"]

1. Nf3 d6 2. d4 Nf6 3. c4 Bg4 4. Nc3 c6 5. h3 Bxf3 6. exf3 e5 7. dxe5 dxe5 8. Qxd8+ Kxd8 9. f4 Bb4 10. fxe5 Bxc3+ 11. bxc3 Ne4 12. Be3 Nd7 13. O-O-O Kc7 14. Bf4 Kc8 15. Rd4 Ndc5 16. Be2 Nxc3 17. Bg4+ Ne6 18. Kb2 Na4+ 19. Kc2 Nc5 20. Rhd1 Kc7 21. Bxe6 fxe6 22. Be3 b6 23. Rd6 Rad8 24. Bxc5 bxc5 25. Rxe6 Rxd1 26. Kxd1 Kd7 27. Rd6+ Kc7 28. Kc2 Re8 29. f4 g5 30. g3 gxf4 31. gxf4 Rf8 32. Rf6 Rg8 33. Rf7+ Kd8 34. e6 Rg2+ 35. Kd3 Rxa2 36. f5 a5 37. f6 Rf2 38. Rf8+ Kc7 39. e7 1-0

[Event "November 21 Late 2023"]
[Site "https://www.chess.com"]
[Date "2023.11.21"]
[Round "6"]
[White "Miszler, Levente"]
[Black "Statham_l3"]
[Result "0-1"]
[Board "60"]
[TimeControl "180+1"]
[WhiteFideId "763276"]
[WhiteElo "2186"]
[BlackElo "2591"]
[WhiteTeam "HUN"]
[WhiteClock "0:00:36"]
[BlackClock "0:00:03"]

1. d4 e6 2. c4 f5 3. Qc2 Nf6 4. g3 d5 5. Bg2 c5 6. cxd5 exd5 7. dxc5 Nc6 8. Nf3 Qa5+ 9. Bd2 Qxc5 10. Qxc5 Bxc5 11. Nc3 Ne4 12. O-O Nxd2 13. Nxd2 Be6 14. Nb3 Bb6 15. Nxd5 Bxd5 16. Bxd5 O-O-O 17. Bxc6 bxc6 18. Rac1 Kc7 19. Nc5 Rhe8 20. Nd3 Rxe2 21. Rfd1 f4 22. Kf1 f3 23. Rc3 g5 24. Rdc1 Kb7 25. Nc5+ Ka8 26. Rxf3 Rxb2 27. Ne4 g4 28. Rf7 h5 29. Rxc6 Rxa2 30. Re6 Kb8 31. Ree7 Ra1+ 32. Kg2 Rdd1 33. Re8+ Bd8 34. Rxd8+ Rxd8 35. h3 Rdd1 36. hxg4 hxg4 37. f3 Ra2+ 38. Nf2 gxf3+ 39. Rxf3 Rdd2 40. g4 Kc7 41. Kg3 a5 42. g5 Rd5 43. Ne4 Ra4 44. Rf7+ Kc6 45. Rf6+ Kb7 46. Nd6+ Kc7 47. Nf7 Rd3+ 48. Kf2 Ra2+ 49. Ke1 Rh3 50. Rf1 Rhh2 51. g6 Ra1# 0-1

[Event "November 21 Late 2023"]
[Site "https://www.chess.com"]
[Date "2023.11.21"]
[Round "6"]
[White "GatoRojo150"]
[Black "VitaliyChayka"]
[Result "1/2-1/2"]
[Board "61"]
[TimeControl "180+1"]
[WhiteElo "2587"]
[BlackElo "2442"]
[WhiteClock "0:01:06"]
[BlackClock "0:00:51"]

1. e4 d6 2. d4 Nf6 3. Nc3 e5 4. Nf3 Nbd7 5. g4 g6 6. g5 Nh5 7. Bh3 Bg7 8. Bg4 c6 9. dxe5 Nxe5 10. Nxe5 Bxe5 11. Bxh5 gxh5 12. Qxh5 Qe7 13. O-O Be6 14. f4 Bd4+ 15. Kh1 Bc4 16. Re1 Bf2 17. Rd1 O-O-O 18. Be3 Bxe3 19. Qh3+ Kb8 20. Qxe3 h6 21. Rd4 Be6 22. f5 Bxf5 23. gxh6 Bg6 24. Rad1 Qe5 25. Qg3 Qxg3 26. hxg3 Rxh6+ 27. Kg2 Kc7 28. Rc4 Kb8 29. Rcd4 Kc7 30. Rc4 Kb8 31. Rcd4 1/2-1/2

[Event "November 21 Late 2023"]
[Site "https://www.chess.com"]
[Date "2023.11.21"]
[Round "6"]
[White "Leiva, Gianmarco"]
[Black "Willy, Stephen"]
[Result "1-0"]
[Board "62"]
[TimeControl "180+1"]
[WhiteFideId "3804399"]
[BlackFideId "30981468"]
[WhiteElo "2335"]
[BlackElo "2139"]
[WhiteTeam "PER"]
[BlackTeam "USA"]
[WhiteClock "0:01:45"]
[BlackClock "0:00:02"]

1. e4 e6 2. d4 d5 3. Nd2 dxe4 4. Nxe4 Nf6 5. Bd3 Nc6 6. Nf3 Nb4 7. Nxf6+ gxf6 8. Bb5+ c6 9. Be2 Rg8 10. O-O e5 11. Re1 e4 12. a3 Nd5 13. c4 exf3 14. Bxf3+ Ne7 15. Bf4 Bf5 16. d5 Qb6 17. dxc6 bxc6 18. Qd6 Be6 19. Rxe6 fxe6 20. Qxe6 Rd8 21. Re1 Rg7 22. Bxc6+ Qxc6 23. Qxc6+ Kf7 24. Qe6+ Ke8 25. c5 Rd4 26. Bg3 Kd8 27. c6 Rd2 28. c7+ Ke8 29. c8=Q+ Rd8 30. Qcc6+ Rd7 31. Qcxd7# 1-0

[Event "November 21 Late 2023"]
[Site "https://www.chess.com"]
[Date "2023.11.21"]
[Round "6"]
[White "Tikhonov, Viacheslav"]
[Black "PapaieDudu"]
[Result "0-1"]
[Board "63"]
[TimeControl "180+1"]
[WhiteFideId "44196407"]
[WhiteElo "2191"]
[BlackElo "2391"]
[WhiteTeam "RUS"]
[WhiteClock "0:00:00"]
[BlackClock "0:00:17"]

1. e4 c5 2. Nf3 d6 3. Nc3 Nf6 4. e5 dxe5 5. Nxe5 Nbd7 6. d4 cxd4 7. Qxd4 e6 8. Bg5 Bc5 9. Qf4 Nxe5 10. Qxe5 Bxf2+ 11. Ke2 Bd4 12. Bxf6 gxf6 13. Qb5+ Bd7 14. Qb4 Bc6 15. Rd1 e5 16. Nb5 a5 17. Nd6+ Kd7 18. Nf5 axb4 19. Nxd4 Qb6 20. Nf5+ Kc7 0-1

[Event "November 21 Late 2023"]
[Site "https://www.chess.com"]
[Date "2023.11.21"]
[Round "6"]
[White "Toropov, Pavel"]
[Black "Leschinsky, Gary"]
[Result "1/2-1/2"]
[Board "64"]
[TimeControl "180+1"]
[WhiteFideId "24129178"]
[BlackFideId "30951321"]
[WhiteElo "2182"]
[BlackElo "2020"]
[WhiteTeam "RUS"]
[BlackTeam "USA"]
[WhiteClock "0:00:10"]
[BlackClock "0:00:10"]

1. e4 c5 2. Nf3 d6 3. Bb5+ Bd7 4. Bxd7+ Nxd7 5. Qe2 Ngf6 6. O-O g6 7. c3 Bg7 8. d4 O-O 9. e5 Ne8 10. e6 Ndf6 11. exf7+ Rxf7 12. Ng5 Rf8 13. Ne6 Qc8 14. Nxf8 Bxf8 15. dxc5 Qxc5 16. Be3 Qf5 17. Nd2 Ng7 18. Nf3 a6 19. Rad1 Qe4 20. Rfe1 Nf5 21. Bd4 Qxe2 22. Rxe2 Nxd4 23. Nxd4 e5 24. Ne6 Be7 25. Nc7 Rc8 26. Nd5 Nxd5 27. Rxd5 Kf7 28. Kf1 Ke6 29. Red2 Rf8 30. Ke2 Rf4 31. R5d3 Re4+ 32. Re3 Rg4 33. Rg3 Re4+ 34. Kd1 d5 35. Re2 Ra4 36. a3 Rc4 37. Kc2 Bf6 38. Rh3 h5 39. Rg3 g5 40. Rh3 h4 41. Rd3 e4 42. f3 Be5 43. fxe4 dxe4 44. Rde3 Kf5 45. Rf2+ Ke6 46. g3 hxg3 47. hxg3 b5 48. b3 Rc6 49. Rf8 Kd5 50. Rd8+ Ke6 51. Kd2 Kf5 52. Rf8+ Bf6 53. g4+ Kxg4 54. Rxe4+ Kf5 55. Re3 g4 56. Ke2 Kf4 57. Rfe8 Rxc3 58. Rxc3 Bxc3 59. Rf8+ Ke4 60. Rg8 Kf4 61. Kd3 b4 62. a4 g3 63. Rg6 a5 64. Ke2 Bd4 65. Kf1 Kf3 66. Rg8 Bf2 67. Rf8+ Ke4 68. Ra8 Kf3 69. Rf8+ Ke4 70. Kg2 Kd3 71. Ra8 Kc3 72. Rxa5 Kxb3 73. Ra8 Kc2 74. a5 b3 75. a6 b2 76. Rc8+ Kd3 77. Rb8 Kc2 78. Rc8+ Kd1 79. Rb8 Kc1 80. Rxb2 Kxb2 81. a7 Bxa7 82. Kxg3 1/2-1/2

[Event "November 21 Late 2023"]
[Site "https://www.chess.com"]
[Date "2023.11.21"]
[Round "6"]
[White "Pinheiro, Iung Alicio de O."]
[Black "Zampronha, Wladimir Camilo"]
[Result "0-1"]
[Board "65"]
[TimeControl "180+1"]
[WhiteFideId "2104350"]
[BlackFideId "2103087"]
[WhiteElo "2283"]
[BlackElo "2055"]
[WhiteTeam "BRA"]
[BlackTeam "BRA"]
[WhiteClock "0:00:18"]
[BlackClock "0:00:21"]

1. Nf3 Nf6 2. b3 g6 3. Bb2 Bg7 4. g3 O-O 5. Bg2 d6 6. d4 Nbd7 7. O-O e5 8. dxe5 Ng4 9. c4 Ngxe5 10. Nc3 Nxf3+ 11. Bxf3 Re8 12. Qd2 Nf6 13. Rfe1 Qe7 14. Rad1 a6 15. Bg2 Rb8 16. a4 Bd7 17. b4 Bc6 18. e4 Bd7 19. h3 Be6 20. Nd5 Bxd5 21. cxd5 Qd7 22. a5 Re7 23. f4 Rbe8 24. e5 dxe5 25. fxe5 Nh5 26. e6 fxe6 27. Bxg7 Nxg7 28. dxe6 Qxd2 29. Rxd2 c6 30. b5 cxb5 31. Rd6 Nxe6 32. Bd5 Kf7 33. Rf1+ Kg7 34. Rb6 Nc5 35. Rc1 Re1+ 36. Rxe1 Rxe1+ 37. Kf2 Re7 38. h4 Rd7 39. Bf3 Nb3 40. Bxb7 Nxa5 41. Bxa6 Nc4 42. Rxb5 Nd6 43. Rd5 Ne4+ 44. Ke3 Rxd5 45. Kxe4 Ra5 46. Be2 Ra3 47. Kf4 Kf6 48. g4 Ra4+ 49. Kg3 Ke5 50. g5 Ra3+ 51. Bf3 Kf5 52. Kg2 Kf4 53. Bd5 Kg4 54. Bg8 Ra7 55. Be6+ Kxh4 0-1

[Event "November 21 Late 2023"]
[Site "https://www.chess.com"]
[Date "2023.11.21"]
[Round "6"]
[White "Erzhanov, Arman"]
[Black "gpsji27"]
[Result "1-0"]
[Board "66"]
[TimeControl "180+1"]
[WhiteFideId "4138821"]
[WhiteElo "2171"]
[BlackElo "2341"]
[WhiteTeam "KAZ"]
[WhiteClock "0:00:19"]
[BlackClock "0:00:00"]

1. e4 e5 2. Nf3 Nc6 3. Be2 Bc5 4. O-O Nf6 5. d3 d6 6. Nbd2 O-O 7. c3 Bb6 8. b4 Ne7 9. h3 Ng6 10. Re1 Be6 11. Bf1 Qd7 12. d4 exd4 13. cxd4 d5 14. e5 Ne4 15. Bd3 Bxh3 16. gxh3 Qxh3 17. Nxe4 dxe4 18. Rxe4 f5 19. Bf1 Qh5 20. Re1 Qg4+ 21. Bg2 Rad8 22. Be3 f4 23. Bc1 Bxd4 24. Nxd4 f3 25. Qb3+ Kh8 26. Nxf3 Rf5 27. Qe6 Rdf8 28. a4 Qh5 29. Ra3 h6 30. Qd5 Nh4 31. Nxh4 Qxh4 32. Rg3 Rxf2 33. Qd3 Qxb4 34. Rd1 Qb6 35. Be3 1-0

[Event "November 21 Late 2023"]
[Site "https://www.chess.com"]
[Date "2023.11.21"]
[Round "6"]
[White "Rodriguez Dominguez, Melissa"]
[Black "Jovic, Stanoje"]
[Result "0-1"]
[Board "67"]
[TimeControl "180+1"]
[WhiteFideId "3517560"]
[BlackFideId "905020"]
[WhiteElo "2012"]
[BlackElo "2249"]
[WhiteTeam "CUB"]
[BlackTeam "SRB"]
[WhiteClock "0:00:23"]
[BlackClock "0:01:17"]

1. e4 c6 2. c4 d5 3. exd5 cxd5 4. cxd5 Nf6 5. Nf3 Nxd5 6. d4 Nc6 7. Nc3 Bg4 8. Bb5 Rc8 9. h3 Bxf3 10. Qxf3 e6 11. Nxd5 Qxd5 12. Qxd5 Bb4+ 13. Kd1 exd5 14. a3 Ba5 15. b4 Bb6 16. Re1+ Kd8 17. Bxc6 bxc6 18. Be3 Re8 19. Rc1 Kd7 20. Kc2 Re4 21. Kd3 Rce8 22. f3 R4e6 23. Bf2 Bc7 24. Rxe6 fxe6 25. Rc2 a5 26. Be1 a4 27. Rc5 Bb6 28. Rc2 e5 29. dxe5 Rxe5 30. f4 Re3+ 31. Kd2 Rxa3 32. h4 Be3+ 33. Ke2 Bxf4 34. Bc3 g6 35. Kd3 Bd6 36. Kd4 Rb3 37. Rf2 a3 38. Rf7+ Be7 39. Rxh7 a2 40. Ba1 Rxb4+ 41. Ke5 Re4# 0-1